 Dungeon Crawl Stone Soup version 0.31-a0-263-ge8cad7f256 (webtiles) character file.

Game seed: 10401597167684027442

179 qw the Shooter (level 5, -16/31 HPs)
             Began as a Gargoyle Hexslinger on July 13, 2023.
             Demolished by an ogre
             ... wielding a +0 giant club
              (33 damage)
             ... on level 4 of the Dungeon.
             The game lasted 00:00:46 (2668 turns).

qw the Shooter (Gargoyle Hexslinger)                Turns: 2668, Time: 00:00:46

Health: -16/31     AC:  9    Str: 12    XL:     5   Next: 59%
Magic:  6/6        EV: 10    Int: 13    God:
Gold:   166        SH:  0    Dex: 14    Spells: 5/6 levels left

rFire   . . .        Y - +0 arbalest
rCold   . . .        (shield currently unavailable)
rNeg    + + .        g - +0 ring mail
rPois   inf          (no helmet)
rElec   +            (no cloak)
rCorr   .            (no gloves)
SInv    .            (no boots)
Will    .....        (no amulet)
Stlth   +            a - ring of positive energy
HPRegen 0.25/turn    (no ring)
MPRegen 0.10/turn

%: no passive effects
@: no status effects
A: sickness immunity, AC +4, negative energy resistance 1, electricity
resistance, torment resistance 1, petrification resistance
a: no special abilities


You were on level 4 of the Dungeon.
You visited 1 branch of the dungeon, and saw 4 of its levels.

You collected 166 gold pieces.


Innate Abilities, Weirdness & Mutations

You are immune to sickness and miasma.
Your stone body is resilient. (AC +4)
You are immune to poison.
You resist negative energy. (rN+)
You are resistant to electric shocks. (rElec)
You are resistant to unholy torment.
You are immune to petrification.


   Skills:
 + Level 2.5 Fighting
 - Level 5.0 Ranged Weapons
 - Level 1.0 Armour
 - Level 1.5 Dodging
 - Level 1.0 Spellcasting
 - Level 2.6 Hexes


You had 5 spell levels left.
You knew the following spells:

 Your Spells              Type           Power      Damage    Failure   Level
a - Slow                  Hex            28%        N/A       22%         1

Your spell library contained the following spells:

 Spells                   Type           Power      Damage    Failure   Level
 Inner Flame              Hex/Fire       4%         N/A       73%         3
 Portal Projectile        Hex/Tloc       8%         N/A       73%         3
 Cause Fear               Hex            3%         N/A       91%         4

Inventory:

Hand Weapons
 Y - a +0 arbalest (weapon)
Armour
 g - a +0 ring mail (worn)
Jewellery
 a - a ring of positive energy (left hand)
Scrolls
 c - a scroll of identify
Potions
 b - a potion of brilliance {unknown}
 d - a potion of curing {unknown}
 e - 2 potions of invisibility {unknown}
 f - a potion of resistance {unknown}
 h - a potion of cancellation {unknown}

Dungeon Overview and Level Annotations

Branches:
Dungeon (4/15)
 Temple: D:4-7

Altars:


Message History

There is an open door here.
Found a wand of flame (13).
An adder comes into view.
You shoot a bolt. The bolt closely misses the adder.
The adder bites you but does no damage. The adder bites you.
You shoot a bolt. The bolt hits the adder!
The adder is heavily wounded.
The adder misses you. The adder bites you but does no damage.
You shoot a bolt. The bolt completely misses the adder.
The adder barely misses you.
The adder bites you but does no damage. x2
You shoot a bolt. The bolt closely misses the adder.
The adder bites you but does no damage. The adder barely misses you.
You shoot a bolt. The bolt barely misses the adder.
The adder barely misses you. x3
You shoot a bolt. The bolt hits the adder!
You kill the adder!
You start resting.
HP restored.
You now have 135 gold pieces (gained 14).
You open the door.
There is an open door here.
You open the door.
There is an open door here.
There is a shaft here.
You now have 153 gold pieces (gained 18).
You now have 158 gold pieces (gained 5).
You now have 166 gold pieces (gained 8).
An ogre comes into view. It is wielding a +0 giant club.
The ogre shouts!
Enter note:
Enter note: You shoot a bolt.
The bolt hits the ogre!
The ogre is heavily wounded.
The ogre hits you with a +0 giant club!
You shoot a bolt. The bolt hits the ogre!
The ogre is almost dead.
The ogre misses you.
The ogre hits you with a +0 giant club!!
Ouch! That really hurt!
You die...

#.# #.# #. #.# #.
#.# #. #.# #. #.#
#. #.# #. #.#
#O#### #.# #.@..#
#.# ####.# #.# #.#
#.# #.# #.# #.#
#######.########.#
.................#
##################


You could see an ogre.

Vanquished Creatures
  An orc priest (D:3)
  A hound (D:4)
  Jessica (D:3)
  4 adders
  A worm (D:2)
  3 orcs (D:3)
  4 ball pythons
  5 bats
  4 endoplasms (D:1)
  4 giant cockroaches
  5 goblins
  3 hobgoblins
  3 jackals (D:2)
  4 kobolds
  2 quokkas (D:1)
  A frilled lizard (D:3)
  5 rats
51 creatures vanquished.

Notes
Turn   | Place    | Note
-------+----------+-------------------------------------------
     0 | D:1      | qw the Gargoyle Hexslinger began the quest for the Orb.
     0 | D:1      | Reached XP level 1. HP: 12/12 MP: 2/2
     0 | D:1      | 0 ||| qw: Version: 0.3-a-52-g30416fa
     0 | D:1      | 0 ||| qw: Game counter: 7122
     0 | D:1      | 0 ||| qw: Melee chars always use a shield: true
     0 | D:1      | 0 ||| qw: God list: Okawaru
     0 | D:1      | 0 ||| qw: Allow faded altars: false
     0 | D:1      | 0 ||| qw: Do Orc after clearing Dungeon:15 true
     0 | D:1      | 0 ||| qw: Do second Lair branch before Depths: true
     0 | D:1      | 0 ||| qw: Lair rune preference: random
     0 | D:1      | 0 ||| qw: Goals: Normal
     0 | D:1      | 0 ||| PLANNING D:1-11
   107 | D:1      | Reached XP level 2. HP: 16/16 MP: 3/3
   235 | D:1      | Reached skill level 3 in Ranged Weapons
   603 | D:1      | 603 ||| READING scroll labelled LIVUSMI CEKKA.
   604 | D:1      | 604 ||| READING 3 scrolls labelled SAPSU SOUS.
   605 | D:1      | 605 ||| READING 2 scrolls of brand weapon.
   605 | D:1      | 605 ||| BRANDING +1 sling of electrocution.
   606 | D:1      | 606 ||| READING scroll of brand weapon.
   606 | D:1      | 606 ||| BRANDING +1 sling of flaming.
   607 | D:1      | 607 ||| READING scroll labelled AFOUZEHORGH.
   610 | D:1      | 610 ||| DROPPING scroll of poison.
   629 | D:2      | Reached XP level 3. HP: 18/21 MP: 4/4
   872 | D:2      | 872 ||| SWAPPING to +0 arbalest.
   879 | D:2      | 879 ||| DROPPING +1 heavy sling.
  1398 | D:2      | 1398 ||| UPGRADING to +0 ring mail.
  1408 | D:2      | 1408 ||| DROPPING +0 robe.
  1409 | D:2      | 1409 ||| READING scroll labelled PIUGAI GURELE.
  1472 | D:3      | Noticed Jessica
  1473 | D:3      | Killed Jessica
  1474 | D:3      | Reached skill level 4 in Ranged Weapons
  1474 | D:3      | Reached XP level 4. HP: 26/26 MP: 5/5
  1639 | D:3      | Reached skill level 1 in Armour
  1808 | D:3      | Reached XP level 5. HP: 30/30 MP: 6/6
  2390 | D:3      | 2390 ||| UPGRADING to ring of positive energy.
  2503 | D:4      | Reached skill level 5 in Ranged Weapons
  2666 | D:4      | Noticed an ogre
  2668 | D:4      | Demolished by an ogre

Levels and vault maps discovered:
D:1:      ncdulo_wetmaze, layout_basic
D:2:      layout_basic, fountainhead
D:3:      layout_basic, uniq_jessica
D:4:      layout_basic, mainiacjoe_overflow_brackets, mainiacjoe_overflow_swirl,
          minmay_misc_feat_tower

Skill      XL: |  1  2  3  4  5 |
---------------+----------------+-----
Ranged Weapons | 3 4 5 |  5.0
Fighting       | 2 |  2.5
Armour         | 1 |  1.0
Dodging        | |  1.5
Spellcasting   | |  1.0
Hexes          | |  2.6

Action                     |  1- 3 |  4- 6 || total
---------------------------+-------+-------++-------
   Fire: Sling             |    84 |       ||    84
         Arbalest          |    16 |    62 ||    78
    Use: Scroll            |     6 |       ||     6
 Armour: Robe              |    18 |       ||    18
         Ring mail         |       |    23 ||    23
  Dodge: Dodged            |    35 |    30 ||    65

Table legend:
 A = Non-vault XP
 B = Vault XP
 C = Vault XP percentage of total XP
 D = Non-vault monster count
 E = Vault monster count
 F = Vault count percentage of total count
                 A         B        C        D         E       F
            +---------+---------+-------+---------+---------+-------
      Total |     220 |      37 |  14.4 |      50 |       1 |   2.0
            +---------+---------+-------+---------+---------+-------
        D:1 |      29 |       0 |   0.0 |      17 |       0 |   0.0
        D:2 |      45 |       0 |   0.0 |      11 |       0 |   0.0
        D:3 |      85 |      37 |  30.3 |      17 |       1 |   5.6
        D:4 |      61 |       0 |   0.0 |       5 |       0 |   0.0
            +---------+---------+-------+---------+---------+-------
